 Dungeon Crawl Stone Soup version 0.29-a0-819-g94b489e0ae (webtiles) character file.

Game seed: 17873071594750757791

302816 Ajdolov the Lord of Darkness (level 20, -7/157 HPs)
             Began as a Mummy Necromancer on July 7, 2022.
             Was the Champion of Kikubaaqudgha.
             Mangled by an orc warlord
             ... wielding a +5 vorpal halberd
              (8 damage)
             ... on level 4 of the Vaults.
             The game lasted 03:02:16 (49977 turns).

Ajdolov the Lord of Darkness (Mummy Necromancer)   Turns: 49977, Time: 03:02:17

Health: -7/157     AC: 19    Str: 23    XL:     20   Next: 22%
Magic:  28/39      EV: 15    Int: 25    God:    Kikubaaqudgha [******]
Gold:   985        SH: 13    Dex: 23    Spells: 11/49 levels left

rFire   . . .      SeeInvis +   w - +9 demon trident (pain)
rCold   + + +      Faith    .   D - +7 buckler "Syphetis" {Dex+6 SInv}
rNeg    + + +      Spirit   .   Q - +4 skin of Zhor {*Englaciate rC+++ SInv}
rPois   ∞          Reflect  .   b - +2 helmet
rElec   .          Harm     .   k - +2 cloak {Will+}
rCorr   .          Rampage  .   H - +2 pair of gloves
Will    +++..                   M - +1 pair of boots {Fly}
Stlth   +++.......              F - amulet of magic regeneration
HPRegen 0.36/turn               N - ring of Tulips {Str+6 Int+4 Dex+2 SInv}
MPRegen 0.66/turn               R - ring of Giegygad {rF+ Str+6}

@: death channelling, animating dead, flying, studying Transmutations
A: cold resistance 1, negative energy resistance 3, torment resistance 2, heat
vulnerability 1, in touch with death 2, no potions
}: 2/15 runes: barnacled, gossamer
a: Renounce Religion, Unearth Wretches, Torment


You were on level 4 of the Vaults.
You worshipped Kikubaaqudgha.
Kikubaaqudgha was exalted by your worship.
You visited 7 branches of the dungeon, and saw 36 of its levels.
You visited 1 bazaar.
You also visited: Wizlab.

You collected 5061 gold pieces.
You spent 4076 gold pieces at shops.

Inventory:

Hand Weapons
 w - a +9 demon trident of pain (weapon)
Missiles
 j - 4 throwing nets
 E - 2 curare-tipped darts
Armour
 b - a +2 helmet (worn)
 f - +0 steam dragon scales
 i - the +9 ring mail of Cynicism {Harm Regen+ rCorr}
   (You found it on level 4 of the Spider Nest)

   Regen:     It increases your rate of health regeneration.
   rCorr:     It protects you from acid and corrosion.
   Harm:      It increases damage dealt and taken.
 k - a +2 cloak of willpower (worn)
 D - the +7 buckler "Syphetis" (worn) {Dex+6 SInv}
   (You acquired it on level 11 of the Dungeon)

   Dex:       It affects your dexterity (+6).
   SInv:      It lets you see invisible.
 H - a +2 pair of gloves (worn)
 I - a +2 pair of boots of rampaging
 M - a +1 pair of boots of flying (worn)
 Q - the +4 skin of Zhor (worn) {*Englaciate rC+++ SInv}
   (You bought it in a shop in a bazaar)

   It radiates cold, occasionally slowing all nearby creatures who are not
   resistant to cold.
   rC:        It renders you almost immune to cold.
   SInv:      It lets you see invisible.
Magical Staves
 z - a staff of death
Jewellery
 t - a ring of wizardry
 A - a ring of resist corrosion
 F - an amulet of magic regeneration (around neck)
 N - the ring of Tulips (left hand) {Str+6 Int+4 Dex+2 SInv}
   (You bought it in a shop in a bazaar)

   [ring of strength]

   Str:       It affects your strength (+6).
   Int:       It affects your intelligence (+4).
   Dex:       It affects your dexterity (+2).
   SInv:      It lets you see invisible.
 R - the ring of Giegygad (right hand) {rF+ Str+6}
   (You bought it in a shop on level 3 of the Vaults)

   [ring of strength]

   Str:       It affects your strength (+6).
   rF:        It protects you from fire.
Wands
 a - a wand of paralysis (22)
 e - a wand of digging (6)
 o - a wand of flame (71)
 p - a wand of polymorph (8)
 x - a wand of quicksilver (24)
 y - a wand of iceblast (13)
 O - a wand of mindburst (4)
Scrolls
 c - 5 scrolls of noise
 d - 2 scrolls of amnesia
 g - 16 scrolls of teleportation
 h - 8 scrolls of magic mapping
 l - 5 scrolls of immolation
 m - 4 scrolls of vulnerability
 n - a scroll of acquirement
 q - 3 scrolls of poison
 r - 5 scrolls of blinking
 s - 2 scrolls of enchant weapon
 u - 3 scrolls of torment
 K - 6 scrolls of fog
 L - a scroll of fear
Miscellaneous
 v - a phantom mirror
 B - a phial of floods
 C - a condenser vane
 J - a box of beasts
 P - a lightning rod (4/4)


   Skills:
 - Level 13.6 Fighting
 - Level 14.0 Polearms
 + Level 8.3 Armour
 - Level 5.0 Dodging
 - Level 2.1 Stealth
 - Level 5.0 Shields
 - Level 15.0 Spellcasting
 - Level 4.8 Hexes
 - Level 12.2 Summonings
 + Level 19.2 Necromancy
 + Level 8.6 Transmutations
 - Level 10.0 Evocations


You had 11 spell levels left.
You knew the following spells:

 Your Spells              Type           Power      Damage    Failure   Level
a - Death Channel         Necr           65%        N/A       1%          6
b - Animate Dead          Necr           100%       N/A       0%          4
c - Vampiric Draining     Necr           100%       2d13      0%          3
d - Anguish               Hex/Necr       54%        N/A       1%          4
e - Agony                 Necr           100%       N/A       1%          5
f - Dispel Undead         Necr           100%       3d31      0%          4
g - Haunt                 Necr/Summ      60%        N/A       4%          7
h - Borgnjor's Vile Clut  Necr/Erth      50%        N/A       1%          5

Your spell library contained the following spells:

 Spells                   Type           Power      Damage    Failure   Level
 Necrotise                Necr           100%       1d9       0%          1
 Slow                     Hex            100%       N/A       1%          1
 Sting                    Tmut/Pois      100%       1d8       1%          1
 Summon Small Mammal      Summ           100%       N/A       1%          1
 Call Imp                 Summ           69%        N/A       1%          2
 Passwall                 Tmut/Erth      33%        N/A       1%          2
 Call Canine Familiar     Summ           69%        N/A       1%          3
 Confusing Touch          Hex            43%        N/A       1%          3
 Summon Guardian Golem    Hex/Summ       57%        N/A       1%          3
 Corpse Rot               Necr/Pois/Air  85%        N/A       2%          4
 Apportation              Tloc           36%        N/A       3%          1
 Foxfire                  Conj/Fire      72%        2x1d7     3%          1
 Ignite Poison            Fire/Tmut/Pois 33%        N/A       3%          3
 Animate Armour           Summ/Erth      98%        N/A       3%          4
 Summon Ice Beast         Ice/Summ       49%        N/A       3%          4
 Summon Mana Viper        Hex/Summ       57%        N/A       3%          5
 Dazzling Flash           Conj/Hex       60%        N/A       4%          3
 Inner Flame              Hex/Fire       30%        N/A       4%          3
 Cause Fear               Hex            21%        N/A       4%          4
 Blink                    Tloc           36%        N/A       5%          2
 Poisonous Vapours        Pois/Air       36%        N/A       5%          2
 Static Discharge         Conj/Air       18%        3-6/arc   5%          2
 Petrify                  Tmut/Erth      40%        N/A       6%          4
 Yara's Violent Unravell  Hex/Tmut       25%        3d11      6%          5
 Conjure Flame            Conj/Fire      18%        6-21      11%         3
 Gell's Gravitas          Tloc           18%        N/A       11%         3
 Stone Arrow              Conj/Erth      36%        3d9       11%         3
 Teleport Other           Tloc           18%        N/A       11%         3
 Simulacrum               Ice/Necr       50%        N/A       11%         6
 Leda's Liquefaction      Hex/Erth       15%        N/A       14%         4
 Alistair's Intoxication  Tmut/Pois      26%        N/A       19%         5
 Irradiate                Conj/Tmut      20%        3d20      19%         5
 Monstrous Menagerie      Summ           34%        N/A       21%         7
 Flame Wave               Conj/Fire      18%        2d6       36%         4
 Olgreb's Toxic Radiance  Pois           18%        N/A       36%         4
 Sticky Flame             Conj/Fire      18%        2d4       36%         4
 Metabolic Englaciation   Hex/Ice        15%        N/A       36%         5
 Silence                  Hex/Air        15%        N/A       36%         5
 Eringya's Noxious Bog    Tmut/Pois      20%        N/A       69%         6
 Fireball                 Conj/Fire      9%         3d6       71%         5
 Lee's Rapid Deconstruct  Erth           9%         3d8*      71%         5
 Summon Horrible Things   Summ           34%        N/A       85%         8
 Spellforged Servitor     Conj/Summ      24%        N/A       95%         7
 Dispersal                Tloc           9%         N/A       99%         6
 Iron Shot                Conj/Erth      9%         9d3       99%         6
 Starburst                Conj/Fire      9%         6d5       99%         6
 Enfeeble                 Hex            21%        N/A       99%         7
 Discord                  Hex            21%        N/A       100%        8
 Ignition                 Fire           9%         3d5       100%        8
 Lehudib's Crystal Spear  Conj/Erth      9%         10d4      100%        8
 Dragon's Call            Summ           34%        N/A       100%        9
 Blade Hands              Tmut           Unusable   N/A       N/A         5
 Dragon Form              Tmut           Unusable   N/A       N/A         7
 Statue Form              Tmut/Erth      Unusable   N/A       N/A         6

Dungeon Overview and Level Annotations

Branches:
Dungeon (15/15)            Temple (1/1) D:4            Lair (6/6) D:11
 Shoals (4/4) Lair:2       Spider (4/4) Lair:4        Slime (0/5) Lair:5
    Orc (2/2) D:11            Elf (0/3) Orc:2        Vaults (4/5) D:14
  Crypt (0/3) Vaults:3     Depths (0/4) D:15         WizLab (visited)

Altars:
Ashenzari
Cheibriados
Dithmenos
Fedhas
Gozag
Hepliaklqana
Kikubaaqudgha
Makhleb
Nemelex Xobeh
Okawaru
Qazlal
Ru
Sif Muna
Trog
Uskayaw
Vehumet
Wu Jian
Xom
Yredelemnul
Jiyva

Shops:
D:3 :!   D:9 =   D:10 [   Orc:2 ![*?=   Shoals:1 (**([   Shoals:3 =
Vaults:3 =(

Annotations:
D:3 Crazy Yiuf
D:4 Dowan, Duvessa
D:5 Grinder, Pikel
D:15 2 exclusions


Innate Abilities, Weirdness & Mutations

You are immune to poison.
Your flesh is cold resistant. (rC+)
You are immune to negative energy. (rN+++)
You are immune to unholy pain and torment.
You are vulnerable to heat. (rF-)
You are strongly in touch with the powers of death.
You do not drink.


Message History

The orc knight roars a battlecry!
The orc knight goes into a battle-frenzy!
Unknown command.
Casting: Animate Dead (safe; 0% risk of failure)
Confirm with . or Enter, or press ? or * to list all spells.
You feel a strong surge of power!
Malign forces permeate your being, awaiting release.
Unknown command.
Casting: Death Channel (mildly dangerous; 1% risk of failure)
Confirm with . or Enter, or press ? or * to list all spells.
Casting: Anguish (safe; 1% risk of failure)
Press: ? - help, Dir - look around, f - activate You feel a strong surge of power!
The orc warlord is haunted by guilt!
The orc knight is haunted by guilt! x2
The orc knight hits you with a +1 battleaxe!!
The orc knight is wracked by anguish!!
The orc warlord hits you from afar with a +5 vorpal halberd!!
The orc warlord is wracked by anguish!!
You puncture the orc knight!
The orc knight writhes in agony!!
The orc knight is severely wounded.
The orc knight hits you with a +1 battleaxe!!!
The orc knight is wracked by anguish!!!
The orc knight dies!
Kikubaaqudgha accepts your kill.
The dead are walking!
A glowing mist starts to gather...
The orc knight hits your spectral orc knight with a +0 great mace!!!
The orc warlord hits you from afar with a +5 vorpal halberd.
* * * LOW HITPOINT WARNING * * *
The orc warlord is wracked by anguish!
Aiming: Paralyse
Press: ? - help, Shift-Dir - straight line, f - orc warlord
Aim: an orc warlord, wielding a +5 vorpal halberd and wearing a +0 plate armour of positive energy (moderately wounded, strong, anguished, chance to affect: 37%)
Okay, then.
The orc knight hits your spectral orc knight with a +0 great mace.
Your spectral orc knight is destroyed!
The orc knight hits your orc knight zombie with a +0 great mace!!
The orc warlord hits you from afar with a +5 vorpal halberd!!!
* * * LOW HITPOINT WARNING * * *
You die...
Kikubaaqudgha rasps: "You have failed me!
Welcome... oblivion!"

#..# #...>.... #...# #..#
#.....?.. #...# #..# #........
#...# #..# #........ #...# #..#
#..o.... #[..# #..# #oZ.... #...#
##########..######o##########...#
................................#
................@...............#
.######.....#################...#
##.##.'.....# #...# .##).##.....#
#...# .##).##.....# #...#
.'.##.#.....# #...# .######.....#
#...# .#...(.[....# #...#
.#..........# #...#


You could see an orc warlord (strong, anguished), 2 orc knights and a friendly
orc knight zombie.

Vanquished Creatures
  A golden dragon (Vaults:2)
  Nikola (Shoals:1)
  A sphinx (Vaults:2)
  A revenant (Vaults:3)
  A frost giant (Vaults:2)
  A shadow dragon (Vaults:2)
  4 vault wardens
  3 emperor scorpions
  A ghost moth (Spider:3)
  An orc warlord (Vaults:1)
  Aizul (Vaults:1)
  A very ugly thing (Vaults:2)
  2 broodmothers (Spider:4)
  7 ironbound thunderhulks
  5 ironbound preservers
  A war gargoyle (Vaults:1)
  A stone giant (Vaults:3)
  2 spark wasps (Spider:4)
  3 entropy weavers
  3 dire elephants
  An ettin (Vaults:3)
  3 merfolk impalers
  2 merfolk javelineers (Shoals:4)
  5 vault guards
  5 yaktaur captains
  5 boulder beetles
  2 hydras
  A rakshasa (D:14)
  A boulder beetle (shapeshifter) (Vaults:2)
  An ogre mage (D:14)
  3 catoblepae
  A merfolk aquamancer (Shoals:4)
  An alligator snapping turtle (Shoals:1)
  A jorogumo (Spider:4)
  4 ironbound frosthearts
  10 centaur warriors
  A death knight (Vaults:3)
  2 two-headed ogres
  A satyr (shapeshifter) (Vaults:2)
  4 merfolk avatars
  A satyr (Shoals:4)
  4 death yaks (Shoals:4)
  A hell knight (Vaults:2)
  Sonja (Lair:2)
  7 sea snakes
  9 deep trolls
  4 skeletal warriors
  A flayed ghost (D:14)
  A steelbarb worm (Spider:3)
  2 pharaoh ants
  A sun moth (Spider:3)
  7 wizards
  A phantasmal warrior (Vaults:3)
  5 ironbound convokers
  5 lindwurms
  3 orc knights
  3 necromancers
  A deep elf pyromancer (D:15)
  3 cyclopes
  13 wolf spiders
  12 harpies
  9 orc sorcerers
  20 ugly things
  5 fauns
  A human skeleton (Vaults:3)
  5 elephants
  2 merfolk sirens
  4 manticores
  6 water nymphs
  12 vault sentinels
  2 demonic crawlers (Spider:3)
  5 cane toads
  A kobold demonologist (D:14)
  4 yaktaurs
  A torpor snail (Spider:3)
  A rime drake (Lair:6)
  A yaktaur zombie (Vaults:3)
  2 komodo dragons
  A tengu conjurer (D:8)
  11 merfolk
  4 trolls
  3 polar bears
  10 tarantellas
  7 wind drakes
  A hornet (Lair:6)
  2 dream sheep (Shoals:4)
  A jumping spider zombie (Spider:4)
  12 blink frogs
  6 snapping turtles
  20 slime creatures
  A centaur simulacrum (D:14)
  11 jumping spiders
  5 culicivoras
  Sigmund (D:3)
  2 shadows
  4 air elementals (Shoals:4)
  2 vampires
  2 wraiths
  2 basilisks
  14 yaks
  8 humans (D:14)
  8 water elementals
  10 vampire mosquitoes
  3 steam dragons
  23 redbacks
  Edmund (D:5)
  Menkaure (D:7)
  2 wargs
  15 water moccasins
  3 orc warriors
  3 small abominations (WizLab)
  A sky beast (D:6)
  A black bear (D:11)
  2 elephant zombies (Lair:5)
  3 ogres
  4 wolves
  An elf simulacrum (Vaults:3)
  2 blink frog zombies
  2 lemures (D:5)
  4 phantoms
  9 centaurs
  A troll zombie (Lair:5)
  11 bullfrogs
  A gnoll sergeant (D:12)
  A necrophage (D:4)
  5 scorpions
  8 wights (D:7)
  11 killer bees
  5 howler monkeys
  4 electric eels (Lair:4)
  A human simulacrum (Vaults:3)
  2 lava snakes (Lair:4)
  2 jellies
  4 orc priests
  A hound (D:6)
  Jessica (D:3)
  Terence (D:2)
  3 iguanas
  25 orc wizards
  Ijyb (D:3)
  Natasha (thrice) (D:4)
  Robin (D:2)
  2 gnolls
  8 adders
  A shadow imp (D:7)
  A white imp (D:6)
  2 ufetubi (D:7)
  5 worms
  A dart slug (D:1)
  39 orcs
  5 ball pythons
  7 endoplasms
  4 giant cockroaches
  14 goblins
  10 hobgoblins
  2 jackals (D:3)
  7 quokkas
  5 bats
  A frilled lizard (D:12)
  6 kobolds
  4 rats
705 creatures vanquished.

Vanquished Creatures (collateral kills)
  Jorgrun (Shoals:1)
  A titan (Shoals:4)
  2 sphinxes (Vaults:2)
  Roxanne (Shoals:2)
  A tengu reaver (D:14)
  Polyphemus (Shoals:4)
  3 emperor scorpions
  An orc warlord (Vaults:2)
  4 vault wardens
  2 ghost moths
  Louise (Spider:2)
  A broodmother (Spider:2)
  A very ugly thing (Vaults:2)
  4 ironbound preservers (Vaults:2)
  Nessos (Lair:5)
  4 ironbound thunderhulks
  4 entropy weavers
  A dire elephant (Vaults:1)
  2 spark wasps
  An ettin (Vaults:2)
  Snorg (Lair:5)
  2 merfolk javelineers (Shoals:4)
  4 merfolk impalers
  3 great orbs of eyes
  2 yaktaur captains (Vaults:2)
  A hydra (D:8)
  5 vault guards
  A boulder beetle (D:13)
  2 ironbound frosthearts
  A catoblepas (Shoals:4)
  2 jorogumos
  2 radroaches (Spider:2)
  2 merfolk avatars
  2 two-headed ogres
  6 merfolk aquamancers
  4 centaur warriors
  2 satyrs
  2 death scarabs (Spider:4)
  A sun moth (Spider:1)
  3 pharaoh ants
  3 sea snakes
  2 steelbarb worms
  7 deep trolls
  7 orb spiders
  An orange crystal statue (Vaults:3)
  3 spectral wolf spiders (Spider:4)
  3 necromancers
  9 ironbound convokers
  10 harpies
  A wizard (Vaults:3)
  A deep elf pyromancer (D:14)
  2 orc knights
  5 lindwurms
  An orc sorcerer (Orc:2)
  A wolf spider zombie (Spider:4)
  A broodmother zombie (Spider:4)
  9 wolf spiders
  4 ugly things
  3 cyclopes
  4 manticores
  8 fauns
  A moth of wrath (Spider:4)
  7 merfolk sirens
  4 elephants
  A guardian serpent (shapeshifter) (Vaults:2)
  2 torpor snails
  4 vault sentinels
  8 water nymphs
  3 cane toads
  5 yaktaurs (Vaults:2)
  3 spectral redbacks (Spider:4)
  A redback zombie (Spider:4)
  6 demonic crawlers
  A komodo dragon (Lair:6)
  3 rime drakes
  3 wind drakes
  4 polar bears
  3 trolls
  6 slime creatures (Vaults:2)
  A nameless horror (Shoals:1)
  12 merfolk
  2 spectral tarantellas (Spider:4)
  11 tarantellas
  4 snapping turtles
  2 blink frogs (Lair:5)
  A culicivora zombie (Spider:4)
  A spectral jumping spider (Spider:4)
  9 dream sheep
  A jumping spider zombie (Spider:2)
  A frost giant simulacrum (Vaults:3)
  9 culicivoras
  17 jumping spiders
  An air elemental (Shoals:4)
  A vampire (D:11)
  A shadow (D:9)
  11 water elementals
  A wyvern (D:9)
  17 yaks
  6 humans (D:14)
  27 redbacks
  A steam dragon (Shoals:3)
  3 wargs
  An acid dragon (D:8)
  3 orc warriors
  12 centaurs
  4 bullfrogs
  2 scorpions (Lair:4)
  7 killer bees
  4 howler monkeys
  2 electric eels (Lair:4)
  A jelly (D:6)
  4 orc priests
  An iguana (D:6)
  7 orc wizards
  7 gnolls
  A white imp (D:7)
  6 orc zombies (Orc:2)
  2 worms
  26 orcs
  2 goblins (D:2)
  A frilled lizard (D:2)
468 creatures vanquished.

Vanquished Creatures (others)
  Mlioglotl (Shoals:1)
  Rupert (Lair:5)
  A sphinx (Vaults:2)
  Frances (D:12)
  6 emperor scorpions
  A fire giant (Vaults:2)
  5 vault wardens
  2 ghost moths (Spider:4)
  A stone giant (Vaults:3)
  An ironbound preserver (Vaults:2)
  An ironbound thunderhulk (Vaults:2)
  3 spark wasps
  An ettin (D:15)
  An entropy weaver (Spider:1)
  2 merfolk javelineers (Shoals:4)
  3 hydras
  A great orb of eyes (Vaults:2)
  A yaktaur captain (Vaults:2)
  A vault guard (D:14)
  A boulder beetle (D:12)
  Fannar (Lair:3)
  An ironbound frostheart (Vaults:2)
  2 jorogumos (Spider:4)
  4 centaur warriors
  A two-headed ogre (Orc:1)
  3 radroaches
  4 death scarabs (Spider:4)
  A merfolk aquamancer (Shoals:4)
  A guardian serpent zombie (Vaults:1)
  2 deep troll earth magi (Vaults:2)
  2 tengu warriors (D:15)
  An emperor scorpion zombie (Spider:4)
  A sun moth (Spider:4)
  A pharaoh ant (Spider:3)
  A sea snake (Shoals:4)
  A spark wasp zombie (Spider:4)
  A golden dragon zombie (Vaults:2)
  5 deep trolls (Vaults:3)
  3 wizards
  An entropy weaver zombie (Spider:3)
  An ironbound convoker (Vaults:1)
  A steelbarb worm (Spider:4)
  3 harpies (Vaults:2)
  A sphinx zombie (Vaults:2)
  8 lindwurms
  A broodmother zombie (Spider:4)
  2 orc knights
  A jorogumo zombie (Spider:4)
  2 wolf spiders
  A fire giant zombie (Vaults:2)
  2 cyclopes
  4 wolf spider zombies
  An orc sorcerer (Orc:2)
  6 manticores
  A death scarab zombie (Spider:4)
  5 ugly thing zombies
  4 ugly things
  4 elephants
  A water nymph (Shoals:4)
  A dire elephant zombie (Vaults:2)
  2 black mambas
  A merfolk siren (Shoals:3)
  6 centaur zombies
  2 gargoyles
  4 vault sentinels
  Maurice (D:13)
  3 torpor snails
  Maggie (D:7)
  3 komodo dragons
  7 cane toads
  8 yaktaurs
  An orb spider zombie (Spider:1)
  An unseen horror (D:10)
  A demonic crawler (Spider:1)
  9 redback zombies
  An unseen horror zombie (D:10)
  2 hydra zombies
  4 sea snake zombies (Shoals:4)
  5 merfolk
  A polar bear (Lair:6)
  2 wind drakes (Shoals:4)
  3 trolls
  2 demonic crawler zombies (Spider:3)
  11 harpy zombies
  3 hornets (Lair:6)
  4 jumping spider zombies
  3 slime creatures
  6 tarantellas
  5 blink frogs
  3 culicivora zombies
  6 deep troll zombies
  4 snapping turtles
  7 tarantella zombies
  A satyr zombie (Shoals:4)
  A great orb of eyes zombie (Vaults:2)
  2 culicivoras
  2 jumping spiders (Spider:1)
  6 slime creature zombies
  2 humans (D:14)
  7 yaks
  3 wind drake zombies
  2 basilisks
  2 steam dragons
  2 redbacks
  2 wargs (Orc:2)
  7 cane toad zombies
  9 merfolk zombies
  3 water moccasins
  A water nymph zombie (Shoals:4)
  2 elf zombies
  6 orc warriors
  An elephant zombie (Lair:5)
  An ogre (Orc:1)
  2 manticore zombies (Shoals:4)
  A snapping turtle zombie (Shoals:4)
  5 wolves
  3 lindwurm zombies
  7 blink frog zombies
  A rime drake zombie (Lair:6)
  4 centaurs
  2 vampire mosquito zombies
  3 yaktaur zombies
  A komodo dragon zombie (Lair:6)
  2 bullfrogs
  A gnoll sergeant (D:8)
  6 water moccasin zombies
  A cyclops zombie (Shoals:4)
  3 warg zombies
  3 wights (D:8)
  10 yak zombies
  2 tengu zombies
  10 killer bees
  A polar bear zombie (Lair:6)
  3 troll zombies
  26 human zombies
  A bullfrog zombie (D:6)
  A basilisk zombie (D:11)
  3 orc priests
  2 scorpion zombies
  6 orc wizards
  17 killer bee zombies
  4 ogre zombies
  2 howler monkey zombies (D:10)
  An adder (D:7)
  A white imp (D:7)
  A jelly zombie (D:6)
  4 adder zombies
  A felid zombie (D:4)
  17 orcs
  3 gnoll zombies (D:12)
  A hobgoblin (D:11)
  An endoplasm zombie (D:3)
  A goblin zombie (D:4)
  A hobgoblin zombie (D:11)
  A kobold zombie (D:4)
  55 orc zombies
  2 quokka zombies (D:4)
  59 fungi
  149 plants
  5 tentacles (Shoals:1)
742 creatures vanquished.

Grand Total: 1915 creatures vanquished

Notes
Turn   | Place    | Note
-------+----------+-------------------------------------------
     0 | D:1      | Ajdolov the Mummy Necromancer began the quest for the Orb.
     0 | D:1      | Reached XP level 1. HP: 13/13 MP: 4/4
   458 | D:1      | Reached XP level 2. HP: 15/19 MP: 0/6
   554 | D:1      | Found a faded altar of an unknown god.
  1321 | D:2      | Gained mutation: You are in touch with the powers of death.
                  | [Mummy growth]
  1321 | D:2      | Reached XP level 3. HP: 18/24 MP: 2/7
  1770 | D:2      | Reached skill level 5 in Necromancy
  1873 | D:2      | Noticed Robin
  1892 | D:2      | Killed Robin
  1893 | D:2      | Reached XP level 4. HP: 30/30 MP: 1/9
  2005 | D:2      | Noticed Terence
  2031 | D:2      | Killed Terence
  2393 | D:3      | Found a hide-covered altar of Uskayaw.
  2401 | D:3      | Found a stormy altar of Qazlal.
  2470 | D:3      | Found Batziamnu's Distillery.
  2488 | D:3      | Noticed Jessica
  2495 | D:3      | Killed Jessica
  2497 | D:3      | Reached XP level 5. HP: 35/35 MP: 7/11
  2548 | D:3      | Noticed Sigmund
  2629 | D:2      | Learned a level 4 spell: Animate Dead
  2633 | D:2      | Learned a level 3 spell: Vampiric Draining
  2868 | D:3      | Found Izob's Book Emporium.
  3002 | D:3      | Noticed Ijyb
  3021 | D:3      | Killed Ijyb
  3029 | D:3      | Reached skill level 6 in Necromancy
  3337 | D:3      | Killed Sigmund
  3338 | D:3      | Reached skill level 5 in Spellcasting
  3338 | D:3      | Reached XP level 6. HP: 41/41 MP: 2/13
  3680 | D:3      | Found a burning altar of Makhleb.
  3754 | D:3      | Found a shimmering blue altar of Sif Muna.
  4131 | D:3      | Found a runed translucent door.
  4132 | D:3      | Noticed Crazy Yiuf
  4451 | D:4      | Reached skill level 7 in Necromancy
  4783 | D:4      | Reached XP level 7. HP: 46/46 MP: 5/15
  5017 | D:4      | Noticed Natasha
  5022 | D:4      | Killed Natasha
  5175 | D:4      | Noticed Dowan
  5178 | D:4      | Noticed Duvessa
  5181 | D:4      | Noticed Natasha
  5184 | D:4      | Your ally Natasha died
  5497 | D:4      | Found a staircase to the Ecumenical Temple.
  5506 | Temple   | Entered the Ecumenical Temple
  5527 | Temple   | Became a worshipper of Kikubaaqudgha
  5557 | D:4      | Killed Natasha
  5686 | D:4      | Noticed Natasha
  5691 | D:4      | Killed Natasha
  5700 | D:5      | Entered Level 5 of the Dungeon
  5834 | D:5      | Noticed Grinder
  5922 | D:5      | Reached skill level 8 in Necromancy
  6109 | D:5      | Identified the +1 kite shield of Gozag's Envy {rElec rF+++
                  | rC+ Int+3}
  6220 | D:5      | Reached XP level 8. HP: 50/52 MP: 18/18
  6393 | D:6      | Noticed a two-headed ogre
  6418 | D:5      | Reached skill level 9 in Necromancy
  6482 | D:5      | Noticed Edmund
  6492 | D:5      | Killed Edmund
  6626 | D:5      | Noticed Pikel
  7134 | D:6      | Killed a two-headed ogre
  7135 | D:6      | Reached skill level 10 in Necromancy
  7135 | D:6      | Reached XP level 9. HP: 57/57 MP: 15/22
  7279 | D:6      | Reached skill level 10 in Spellcasting
  7424 | D:6      | Reached skill level 1 in Summonings
  7943 | D:7      | Reached skill level 1 in Fighting
  7983 | D:7      | You fall into a shaft and drop 3 floors!
  7983 | D:10     | Entered Level 10 of the Dungeon
  8014 | D:9      | Found Weukib Leru's Jewellery Shoppe.
  8025 | D:9      | Reached * piety under Kikubaaqudgha
  8025 | D:9      | Received a gift from Kikubaaqudgha
  8163 | D:9      | Learned a level 4 spell: Anguish
  8170 | D:9      | Learned a level 5 spell: Agony
  8254 | D:8      | Reached skill level 1 in Hexes
  8403 | D:8      | Noticed a seven-headed hydra
  8785 | D:9      | Learned a level 4 spell: Dispel Undead
  8790 | D:9      | Noticed a two-headed ogre
  8811 | D:9      | Killed a two-headed ogre
  8812 | D:9      | Reached skill level 5 in Summonings
  8812 | D:9      | Reached XP level 10. HP: 71/71 MP: 20/24
  9159 | D:9      | Found a sparkling altar of Nemelex Xobeh.
  9632 | D:8      | Killed a seven-headed hydra
  9871 | D:8      | Found a broken altar of Ashenzari.
  9919 | D:8      | Reached skill level 5 in Fighting
  9920 | D:8      | Reached ** piety under Kikubaaqudgha
  9921 | D:8      | Reached skill level 1 in Polearms
 10393 | D:7      | Noticed Maggie
 10413 | D:7      | Killed Maggie
 10808 | D:7      | Noticed Menkaure
 10811 | D:7      | Killed Menkaure
 11072 | D:7      | Noticed a two-headed ogre
 11085 | D:7      | Killed a two-headed ogre
 11086 | D:7      | Reached XP level 11. HP: 64/79 MP: 0/25
 11870 | D:10     | Found Horphonu's Antique Armour Shoppe.
 12249 | D:11     | Noticed a five-headed hydra
 12259 | D:11     | Killed a five-headed hydra
 12266 | D:11     | Reached skill level 11 in Necromancy
 12386 | D:11     | Found a staircase to the Orcish Mines.
 12953 | D:11     | Found a staircase to the Lair.
 12999 | D:11     | Reached *** piety under Kikubaaqudgha
 12999 | D:11     | Received a gift from Kikubaaqudgha
 13510 | D:11     | Identified a scroll of acquirement
 13518 | Lair:1   | Entered Level 1 of the Lair of Beasts
 13565 | Lair:1   | Reached skill level 5 in Polearms
 15047 | Lair:2   | Reached XP level 12. HP: 48/91 MP: 10/26
 15240 | Lair:2   | Found a staircase to the Shoals.
 15252 | Lair:2   | Acquired the +7 buckler "Syphetis" {Dex+6 SInv}
 15265 | Lair:2   | Noticed a catoblepas
 15290 | Lair:2   | Killed a catoblepas
 15504 | Lair:2   | Noticed Sonja
 15514 | Lair:2   | Killed Sonja
 15515 | Lair:2   | Reached skill level 1 in Shields
 15742 | Lair:2   | Acquired a +1 demon trident of electrocution
 16494 | Lair:3   | Noticed Fannar
 17056 | Lair:3   | You fall into a shaft and drop 2 floors!
 17269 | Lair:3   | Killed Fannar
 17467 | Lair:3   | Noticed a boulder beetle
 17729 | Lair:3   | Killed a boulder beetle
 18040 | Lair:4   | Found a hole to the Spider Nest.
 18516 | Lair:4   | Reached skill level 10 in Fighting
 19219 | Lair:5   | Noticed Snorg
 19235 | Lair:5   | Killed Snorg
 19258 | Lair:5   | Noticed Nessos
 19265 | Lair:5   | Killed Nessos
 19273 | Lair:5   | Gained mutation: You are strongly in touch with the powers
                  | of death. [Mummy growth]
 19273 | Lair:5   | Reached XP level 13. HP: 47/103 MP: 3/27
 19527 | Lair:5   | Noticed Rupert
 19537 | Lair:5   | Reached **** piety under Kikubaaqudgha
 19541 | Lair:5   | Killed Rupert
 19542 | Lair:5   | Reached skill level 10 in Polearms
 19542 | Lair:5   | Reached skill level 5 in Shields
 19550 | Lair:5   | Your ally Snorg died
 20094 | Lair:5   | Found a viscous altar of Jiyva.
 20094 | Lair:5   | Found a staircase to the Slime Pits.
 20334 | Lair:6   | Entered Level 6 of the Lair of Beasts
 20808 | Lair:6   | Reached ***** piety under Kikubaaqudgha
 21148 | Lair:6   | Reached XP level 14. HP: 88/110 MP: 5/28
 21891 | Orc:1    | Entered Level 1 of the Orcish Mines
 22104 | Orc:2    | Entered Level 2 of the Orcish Mines
 22104 | Orc:2    | Found a staircase to the Elven Halls.
 22261 | Orc:2    | Found Paoderyhiu's CLEARANCE SALE!.
 22268 | Orc:2    | Bought a scroll of teleportation for 15 gold pieces
 22777 | Orc:2    | Found Acvis's Armour Shoppe.
 22777 | Orc:2    | Found Nopaut's Distillery.
 22811 | Orc:2    | Found Ishri's Jewellery Shoppe.
 22811 | Orc:2    | Found Liki's Magic Scroll Shop.
 22890 | Orc:2    | Bought a scroll of enchant armour for 105 gold pieces
 23549 | Orc:1    | Learned a level 6 spell: Death Channel
 23643 | Orc:1    | Found a burning altar of Makhleb.
 24319 | D:12     | Noticed Frances
 24824 | D:12     | Killed Frances
 25351 | D:13     | Noticed Maurice
 25359 | D:13     | Killed Maurice
 25479 | D:13     | Reached skill level 12 in Necromancy
 25484 | D:13     | Identified the +0 ring mail of the Sailor {Dex+4}
 26230 | D:14     | Found a gate to the Vaults.
 26315 | D:14     | Reached XP level 15. HP: 104/115 MP: 20/31
 26425 | D:14     | Reached ****** piety under Kikubaaqudgha
 26571 | D:14     | Identified a +7 demon trident of pain (a +5 demon trident
                  | of electrocution bloodied by Kikubaaqudgha)
 26571 | D:14     | Received a gift from Kikubaaqudgha
 26573 | D:14     | Acquired Ajdolov's Papyrus of the Enthralling Comitatus
 26583 | D:14     | Learned a level 7 spell: Haunt
 27053 | D:14     | Noticed a tengu reaver
 27242 | D:14     | Reached skill level 13 in Necromancy
 27303 | D:14     | Identified the +8 dire flail of the Endless Brambles
                  | {vorpal, rF- Str+9 SInv}
 27307 | D:14     | Killed a tengu reaver
 27873 | D:15     | Entered Level 15 of the Dungeon
 28003 | D:15     | Reached skill level 10 in Summonings
 28172 | D:15     | Found a staircase to the Depths.
 28308 | D:15     | Reached skill level 14 in Necromancy
 28360 | D:15     | Got the Atlas of Unstable Forms
 28642 | Spider:1 | Entered Level 1 of the Spider Nest
 29359 | Spider:1 | Reached skill level 15 in Necromancy
 29784 | Spider:1 | Noticed an emperor scorpion
 29786 | Spider:1 | Noticed an emperor scorpion
 29793 | Spider:1 | Killed an emperor scorpion
 29800 | Spider:1 | Killed an emperor scorpion
 29804 | Spider:1 | Noticed an emperor scorpion
 29811 | Spider:1 | Killed an emperor scorpion
 30155 | Spider:2 | Noticed an emperor scorpion
 30158 | Spider:2 | Noticed an emperor scorpion
 30161 | Spider:2 | Killed an emperor scorpion
 30163 | Spider:2 | Noticed Louise
 30166 | Spider:2 | Killed an emperor scorpion
 30169 | Spider:2 | Reached XP level 16. HP: 95/122 MP: 2/32
 30174 | Spider:2 | Killed Louise
 31196 | Spider:3 | Reached skill level 1 in Armour
 33916 | Shoals:1 | Entered Level 1 of the Shoals
 34156 | Shoals:1 | Noticed Jorgrun
 34162 | Shoals:1 | Killed Jorgrun
 34183 | Shoals:1 | Found Vaabischo's Visitors' Centre.
 34357 | Shoals:1 | Found Vaabischo's Merfolk Armours.
 34357 | Shoals:1 | Found Vaabischo's Merfolk Magic.
 34357 | Shoals:1 | Found Vaabischo's Merfolk Weapons.
 34360 | Shoals:1 | Bought a scroll of teleportation for 300 gold pieces
 34451 | Shoals:1 | Found Siolum's Weapon Boutique.
 34462 | Shoals:1 | Noticed Mlioglotl
 34466 | Shoals:1 | Killed Mlioglotl
 34467 | Shoals:1 | Reached XP level 17. HP: 131/131 MP: 5/33
 34481 | Shoals:1 | Reached skill level 16 in Necromancy
 34651 | Shoals:1 | Acquired Sif Muna's Quarto of Bloody Shapeshifting
 34676 | Shoals:1 | Learned a level 5 spell: Borgnjor's Vile Clutch
 34958 | Shoals:1 | Noticed Nikola
 34969 | Shoals:1 | Killed Nikola
 34969 | Shoals:1 | Noticed a kraken
 35717 | D:9      | Bought an amulet of magic regeneration for 330 gold pieces
 35878 | Shoals:2 | Noticed Roxanne
 35886 | Shoals:2 | Killed Roxanne
 35928 | Shoals:2 | Reached skill level 5 in Armour
 36595 | Shoals:3 | Found Zaugo's Jewellery Shoppe.
 36653 | Shoals:3 | Got the Meditations on Helpful Conflict
 37187 | Shoals:4 | Entered Level 4 of the Shoals
 37187 | Shoals:4 | Found a stormy altar of Qazlal.
 37457 | Shoals:4 | Paralysed by an air elemental for 1 turns
 37460 | Shoals:4 | Paralysed by an air elemental for 1 turns
 37626 | Shoals:4 | Identified the +9 short sword of Fijoy {venom, rF+}
 37721 | Shoals:4 | Reached skill level 17 in Necromancy
 37722 | Shoals:4 | Noticed Polyphemus
 37730 | Shoals:4 | Killed Polyphemus
 37787 | Shoals:4 | Noticed a titan
 37999 | Shoals:4 | Killed a titan
 38018 | Shoals:4 | Got a barnacled rune of Zot
 38052 | Shoals:4 | Paralysed by an air elemental for 1 turns
 38132 | Shoals:4 | Paralysed by an air elemental for 1 turns
 38140 | Shoals:4 | Paralysed by an air elemental for 1 turns
 38650 | Shoals:4 | Paralysed by an air elemental for 1 turns
 38653 | Shoals:4 | Reached skill level 5 in Dodging
 38898 | Shoals:4 | Paralysed by an air elemental for 1 turns
 39145 | Shoals:4 | Reached XP level 18. HP: 144/144 MP: 24/35
 39505 | Spider:4 | Entered Level 4 of the Spider Nest
 40061 | Spider:4 | Reached skill level 1 in Evocations
 40941 | Spider:4 | Identified the +9 ring mail of Cynicism {Harm Regen+ rCorr}
 41341 | Spider:4 | Got a gossamer rune of Zot
 41794 | Vaults:1 | Entered Level 1 of the Vaults
 41807 | Vaults:1 | Reached skill level 5 in Evocations
 41830 | Vaults:1 | Noticed Aizul
 41839 | Vaults:1 | Killed Aizul
 42317 | Vaults:1 | Reached skill level 15 in Spellcasting
 42328 | Vaults:1 | Your ally Aizul died
 42641 | Vaults:1 | Reached skill level 18 in Necromancy
 43180 | Vaults:1 | Reached skill level 1 in Transmutations
 44337 | Vaults:2 | Found a huge runed gate.
 44337 | Vaults:2 | Found a huge runed gate.
 44337 | Vaults:2 | Found a huge runed gate.
 44337 | Vaults:2 | Found a huge runed gate.
 44337 | Vaults:2 | Found a huge runed gate.
 44337 | Vaults:2 | Found a huge runed gate.
 44338 | Vaults:2 | Found a huge runed gate.
 44338 | Vaults:2 | Found a huge runed gate.
 44338 | Vaults:2 | Found a huge runed gate.
 44338 | Vaults:2 | Found a huge runed gate.
 44338 | Vaults:2 | Found a huge runed gate.
 44339 | Vaults:2 | Found a huge runed gate.
 44356 | Vaults:2 | Found a huge runed gate.
 44357 | Vaults:2 | Found a huge runed gate.
 44358 | Vaults:2 | Found a huge runed gate.
 44359 | Vaults:2 | Found a huge runed gate.
 44367 | Vaults:2 | Found a huge runed gate.
 44367 | Vaults:2 | Found a huge runed gate.
 44367 | Vaults:2 | Found a huge runed gate.
 44367 | Vaults:2 | Found a huge runed gate.
 44367 | Vaults:2 | Found a huge runed gate.
 44385 | Vaults:2 | Reached XP level 19. HP: 88/150 MP: 32/38
 44795 | Vaults:2 | You fall into a shaft and drop 1 floor!
 44861 | Vaults:3 | Found Kirphicsi's Antique Weapon Shoppe.
 45129 | Vaults:3 | Found a flickering gateway to a bazaar.
 45164 | Bazaar   | Entered a bazaar
 45169 | Bazaar   | Found Bapic's Jewellery Emporium.
 45180 | Bazaar   | Found Duczakkimp's Distillery.
 45188 | Bazaar   | Found Cidourow's Antique Weapon Boutique.
 45199 | Bazaar   | Found Cijent's General Store.
 45207 | Bazaar   | Bought a scroll of magic mapping for 42 gold pieces
 45207 | Bazaar   | Bought a scroll of teleportation for 36 gold pieces
 45207 | Bazaar   | Bought a scroll of fog for 24 gold pieces
 45210 | Bazaar   | Found Nugak's Antique Armour Shop.
 45218 | Bazaar   | Bought a pair of embroidered boots for 180 gold pieces
 45243 | Bazaar   | Bought the ring of Tulips {Str+6 Int+4 Dex+2 SInv} for 598
                  | gold pieces
 45260 | Bazaar   | Bought the +4 skin of Zhor {*Englaciate rC+++ SInv} for
                  | 1596 gold pieces
 45260 | Bazaar   | Found the +4 skin of Zhor {*Englaciate rC+++ SInv}
 45821 | Vaults:2 | Reached skill level 5 in Transmutations
 47233 | Vaults:3 | Found Xinopt's Jewellery Emporium.
 47240 | Vaults:3 | Bought the ring of Giegygad {rF+ Str+6} for 850 gold pieces
 47864 | Vaults:3 | Found a staircase to the Crypt.
 48166 | Vaults:3 | Reached skill level 19 in Necromancy
 48166 | Vaults:3 | Reached XP level 20. HP: 112/157 MP: 39/39
 48554 | Vaults:3 | Reached skill level 10 in Evocations
 49161 | Vaults:4 | Found a magical portal.
 49169 | WizLab   | Entered Cigotuvi's Fleshworks
 49977 | Vaults:4 | HP: 1/157 [orc warlord/+5 vorpal halberd (46)]
 49977 | Vaults:4 | Mangled by an orc warlord

Illustrated notes

Levels and vault maps discovered:
D:1:      heliophobic_arrival_battle_scene, layout_loops_ring,
          shapermc_ecumenical_altar_flowoftime
D:2:      layout_loops_cross, grunt_ministairs_13, uniq_robin, uniq_terence
D:3:      layout_basic, nicolae_overflow_hidden_temple, serial_shops, shop,
          nicolae_shop_stone, uniq_crazy_yiuf_cottage, uniq_ijyb, uniq_jessica,
          uniq_sigmund
D:4:      layout_loops_ring, minmay_temple_entry_antechambers, uniq_natasha,
          uniq_duvessa
D:5:      nicolae_BIG_FREAKIN_CUBE, layout_rooms, serial_curves, eino_curves_04,
          eino_curves_02, hangedman_decor_lopped, uniq_grinder, uniq_pikel,
          uniq_edmund
D:6:      layout_gridville, ebering_dispersal_statue_hall, minmay_crossroads
D:7:      layout_loops_cross, grunt_decor_mini_mirrors, wad_mini_maze,
          uniq_menkaure, uniq_maggie
D:8:      minmay_weird_star, layout_gridville, nicolae_ashenzari_skybound,
          minmay_misc_feat_alley, grunt_potential
D:9:      layout_loops_cross, kennysheep_mini, serial_shops, shop
D:10:     layout_cross, serial_shops, kennysheep_little_box,
          small_statue_intersection
D:11:     layout_loops_cross, grunt_lair_entry_orc_guard_hut, david_orc_3,
          gauntlet_entry_generic
D:12:     layout_basic, uniq_frances
D:13:     layout_basic, uniq_maurice
D:14:     layout_roguey, grunt_vaults_entry_tiered, kennysheep_path_1,
          minmay_checkered_concentric_circles
D:15:     hangedman_depths_entry_civil_slaughter, layout_basic,
          chequers_serial_rivers_small_b, minmay_misc_feat_tiny,
          grunt_qazlal_sundering
Temple:   hellmonk_temple_two_chambers
Lair:1:   layout_regular_city, lemuel_fruit_fields
Lair:2:   layout_regular_city, elwin_shoals_entry_rocks, minmay_hedge_maze,
          uniq_sonja
Lair:3:   layout_long_grid, pond, uniq_fannar
Lair:4:   layout_loops_ring, nicolae_spider_entry_non_spiders,
          nicolae_lair_liquid_snakes, serial_bayou_shore_a,
          serial_bayou_shore_b, lemuel_fruit_tree
Lair:5:   layout_regular_city, slime_entry_1, grunt_megastairs_5, uniq_nessos,
          uniq_snorg, uniq_rupert
Lair:6:   gammafunk_lair_ancient_temple, layout_small_grid,
          chequers_serial_rivers_marsh
Shoals:1: nicolae_shoals_mermall, layout_shoals, serial_shops, shop,
          uniq_nikola, uniq_mlioglotl, uniq_jorgrun
Shoals:2: layout_shoals, uniq_roxanne
Shoals:3: layout_shoals, serial_shops, nicolae_shop_stone,
          nicolae_shoals_drake_roost
Shoals:4: shoals_end_hellmonk_storm_palace [storm_palace_center_ruins,
          storm_palace_corner_pillars, storm_palace_corner_narrow,
          storm_palace_corner_blocked, storm_palace_corner_altar],
          uniq_polyphemus
Spider:1: layout_spider_delve, nicolae_spider_scorpion_nest,
          hangedman_spider_tarantella_strand
Spider:2: layout_cave_pods, uniq_louise
Spider:3: layout_chambers
Spider:4: floodkiller_spider_rune_tomb
Orc:1:    layout_caves, bloody_makhleb
Orc:2:    st_orc_town, layout_caves, nicolae_orc_sculptors_studio,
          nicolae_shop_clearance
Vaults:1: vaults_room_pool, v_misc_10, hangedman_vaults_stream, v_misc_19,
          v_misc_33, v_misc_24, v_misc_25, v_misc_14, grunt_vaults_diagonal,
          vaults_standard_mumra_lines, nicolae_vaults_stairing_the_circle,
          grunt_vaults_swirl, layout_vaults_big_cross, uniq_aizul
Vaults:2: vaults_mumra_minichess_inversion, door_vault, vaults_dpeg_spiral,
          vaults_room_hallway, ontoclasm_vaults_ligature,
          ontoclasm_vaults_twist, vaults_mumra_minichess, v_misc_30,
          nicolae_vaults_big_angled_halls, layout_vaults_maze_bifur
Vaults:3: v_misc_30, ontoclasm_vaults_spin, v_alt_pattern_3, v_misc_19,
          nicolae_vaults_statue_guard, hangedman_vaults_hat,
          ontoclasm_vaults_ring_small, minmay_crypt_entry_simple_round,
          v_misc_17, grunt_vaults_hallway_short, layout_vaults_big_room,
          serial_shops, bzr_entry_lakeside, nicolae_shop_behind_doors, shop
Vaults:4: mu_enter_wizlab_1, special_room_vaults [special_room_orc],
          vaults_dpeg_ring, v_misc_23, hangedman_vaults_snaps,
          layout_vaults_quadrants, serial_shops, shop

Skill      XL: |  1  2  3  4  5  6  7  8  9 10 11 12 13 14 15 16 17 18 19 20 |
---------------+-------------------------------------------------------------+-----
Spellcasting   | 3 4 5 6 9 10 12 13 15 | 15.0
Necromancy     | 5 6 7 8 10 11 12 15 17 18 19 | 19.2
Stealth        | 2 |  2.1
Summonings     | 5 7 8 9 10 12 | 12.2
Fighting       | 3 5 7 10 11 13 | 13.6
Hexes          | 2 4 |  4.8
Polearms       | 2 6 9 12 13 14 | 14.0
Shields        | 4 5 |  5.0
Armour         | 4 5 6 7 8 |  8.3
Dodging        | 5 |  5.0
Evocations     | 7 9 10 | 10.0
Transmutations | 3 7 8 |  8.6

Action                   |  1- 3 |  4- 6 |  7- 9 | 10-12 | 13-15 | 16-18 | 19-21 || total
-------------------------+-------+-------+-------+-------+-------+-------+-------++-------
Melee: Dagger            |    21 |    92 |    98 |     8 |       |       |       ||   219
       Punch             |       |     1 |     3 |     1 |       |       |       ||     5
       Trident           |       |       |       |   183 |       |       |       ||   183
       Demon trident     |       |       |       |   129 |   629 |   699 |   381 ||  1838
 Cast: Necrotise         |    65 |    28 |     1 |     1 |       |       |       ||    95
       Vampiric Draining |       |    16 |    60 |    44 |    23 |       |     4 ||   147
       Animate Dead      |       |     7 |    13 |    12 |    21 |    15 |     9 ||    77
       Anguish           |       |       |     6 |    70 |   106 |    82 |    22 ||   286
       Dispel Undead     |       |       |       |    18 |     9 |     1 |     2 ||    30
       Agony             |       |       |       |     9 |       |       |       ||     9
       Death Channel     |       |       |       |       |    11 |    16 |    13 ||    40
       Haunt             |       |       |       |       |       |    90 |    25 ||   115
       Borgnjor's Vile C |       |       |       |       |       |    64 |    20 ||    84
Invok: Unearth Wretches  |       |       |     2 |     4 |     3 |    12 |     5 ||    26
       Torment           |       |       |       |       |     1 |     1 |     3 ||     5
       Brand Weapon With |       |       |       |       |     1 |       |       ||     1
Evoke: Wand              |       |       |    42 |     3 |     2 |     1 |     3 ||    51
       Phial of floods   |       |       |       |     1 |     1 |       |       ||     2
       Condenser vane    |       |       |       |       |     2 |     1 |       ||     3
       Phantom mirror    |       |       |       |       |     1 |       |       ||     1
       Box of beasts     |       |       |       |       |       |     1 |       ||     1
  Use: Scroll            |     1 |       |     3 |    16 |     9 |     6 |     2 ||    37
 Stab: Sleeping          |     1 |     2 |       |     2 |     1 |     1 |     4 ||    11
       Distracted        |       |     1 |     1 |     6 |    15 |    18 |     8 ||    49
       Paralysed         |       |       |     2 |     4 |     6 |    14 |     6 ||    32
       Confused          |       |       |       |       |     3 |       |       ||     3
       Petrified         |       |       |       |       |     1 |       |       ||     1
Armor: Robe              |    16 |    34 |    47 |    10 |       |       |       ||   107
       Steam dragon scal |       |       |       |   144 |   154 |   159 |     7 ||   464
       Animal skin       |       |       |       |       |       |       |    37 ||    37
Dodge: Dodged            |    29 |    63 |   161 |   292 |   208 |   199 |    67 ||  1019
Block: Buckler           |       |       |       |    92 |   292 |   252 |   100 ||   736

Table legend: (Time is in decaauts)
 A = Elapsed time spent in this place.
 B = Non-inter-level travel time spent in this place.
 C = Inter-level travel time spent in this place.
 D = Time resting spent in this place.
 E = Time spent auto-exploring this place.
 F = Levels seen in this place.
 G = Mean time per level.
                   A        B        C        D        E       F      G
               +--------+--------+--------+--------+--------+-----+--------+
         Total |  49739 |  47265 |   2474 |  10701 |  25713 |  38 | 1308.9 |
       Dungeon |  18345 |  17361 |    984 |   3764 |   8961 |  15 | 1223.0 |
        Temple |     30 |     26 |      4 |      0 |      7 |   1 |   30.0 |
          Lair |   8720 |   8113 |    607 |   1629 |   4846 |   6 | 1453.3 |
        Shoals |   5404 |   5212 |    192 |   1122 |   2896 |   4 | 1351.0 |
   Spider Nest |   7319 |   6896 |    423 |   1625 |   4022 |   4 | 1829.8 |
  Orcish Mines |   1951 |   1821 |    130 |    301 |    899 |   2 |  975.5 |
        Vaults |   7812 |   7680 |    132 |   2260 |   4033 |   4 | 1953.0 |
        Bazaar |    104 |    104 |      0 |      0 |     48 |   1 |  104.0 |
        Wizlab |     51 |     51 |      0 |      0 |      0 |   1 |   51.0 |
               +--------+--------+--------+--------+--------+-----+--------+

Top non-repeatable levels by time:
Vaults:1: 2470 daAuts
Spider:3: 2296 daAuts
Shoals:4: 2110 daAuts
Vaults:3: 2091 daAuts
     D:3: 2087 daAuts
Vaults:2: 2044 daAuts
Spider:4: 2032 daAuts
    D:14: 1849 daAuts
    D:11: 1649 daAuts
  Lair:4: 1632 daAuts
Shoals:1: 1623 daAuts
Spider:1: 1594 daAuts
  Lair:1: 1564 daAuts
  Lair:2: 1529 daAuts
  Lair:6: 1452 daAuts
